 Dungeon Crawl Stone Soup version 0.20.1-1-g8b1a95d66d (webtiles) character file.

7326 Ivernyr the Transmogrifier (level 11, -7/63 HPs)
             Began as an Octopode Transmuter on Nov 29, 2017.
             Mangled by a three-headed hydra (11 damage)
             ... on level 9 of the Dungeon.
             The game lasted 00:50:01 (12316 turns).

Ivernyr the Transmogrifier (Octopode Transmuter)   Turns: 12316, Time: 00:50:01

Health: -7/63      AC:  7    Str:  9    XL:     11   Next: 13%
Magic:  17/20      EV: 28    Int: 19    God:
Gold:   308        SH:  0    Dex: 18    Spells: 11/22 levels left

rFire    . . .     SeeInvis +     - Unarmed
rCold    . . .     Gourm    .   (shield currently unavailable)
rNeg     . . .     Faith    .   (helmet currently unavailable)
rPois    x         Spirit   .   (no amulet)
rElec    .         Reflect  .   l - +5 ring of protection
rCorr    +         Harm     .   p - ring of protection from magic
MR       +....                  x - ring of resist corrosion
Stlth    ++........             F - ring of see invisible
Regen    0.2/turn               (no ring)
MPRegen  0.2/turn               (no ring)
                                (no ring)
                                (no ring)

@: spider-form
A: almost no armour, stealthy swim, (amphibious), 8 rings, (constrict 8)
a: End Transformation


You were on level 9 of the Dungeon.
You were very hungry.
You were a venomous arachnid creature.
You visited 1 branch of the dungeon, and saw 9 of its levels.

You collected 473 gold pieces.
You spent 165 gold pieces at shops.

Inventory:

Missiles
 a - 157 arrows
 r - 19 poisoned needles
Jewellery
 l - a +5 ring of protection (left front leg)
 p - a ring of protection from magic (right front leg)
 x - a ring of resist corrosion (on tentacle)
 F - a ring of see invisible (on tentacle)
Wands
 t - a wand of paralysis (13/24)
 v - a wand of clouds (2/9)
 G - a wand of lightning (8/15)
 I - a wand of polymorph (10/24)
 N - a wand of enslavement (13/24)
 O - a wand of iceblast (5/15)
Scrolls
 d - 11 scrolls of identify {unknown}
 e - 8 scrolls of remove curse {unknown}
 g - 4 scrolls of fear {unknown}
 i - 4 scrolls of teleportation {unknown}
 j - a scroll of fog {unknown}
 n - 3 scrolls of enchant weapon {unknown}
 s - 3 scrolls of immolation {unknown}
 w - 2 scrolls of random uselessness {unknown}
 z - 3 scrolls of recharging {unknown}
 C - 2 scrolls of enchant armour {unknown}
 D - 2 scrolls of magic mapping {unknown}
 E - a scroll of blinking {unknown}
 M - a scroll of acquirement {unknown}
Potions
 f - 5 potions of curing {unknown}
 h - a potion of lignification {unknown}
 k - a potion of might
 m - 2 potions of mutation {unknown}
 o - 2 potions of agility {unknown}
 u - 2 potions of magic {unknown}
 A - 2 potions of cancellation {unknown}
 H - 2 potions of haste {unknown}
 J - 2 potions of degeneration {unknown}
Books
 b - a book of Changes

   Spells                             Type                      Level
   a - Beastly Appendage              Transmutation                1
   b - Sticks to Snakes               Transmutation                2
   c - Spider Form                    Transmutation/Poison         3
   d - Ice Form                       Ice/Transmutation            4
   e - Blade Hands                    Transmutation                5
 y - a book of Minor Magic

   Spells                             Type                      Level
   a - Magic Dart                     Conjuration                  1
   b - Blink                          Translocation                2
   c - Call Imp                       Summoning                    2
   d - Slow                           Hexes                        2
   e - Conjure Flame                  Conjuration/Fire             3
   f - Mephitic Cloud                 Conjuration/Poison/Air       3
 B - a book of Cantrips

   Spells                             Type                      Level
   a - Confusing Touch                Hexes                        1
   b - Animate Skeleton               Necromancy                   1
   c - Summon Small Mammal            Summoning                    1
   d - Apportation                    Translocation                1
Comestibles
 c - 9 bread rations
 q - 15 fruits
 K - a meat ration
 L - 7 royal jellies


   Skills:
 - Level 1.0 Fighting
 + Level 8.7 Dodging
 + Level 9.0 Unarmed Combat
 * Level 6.2 Spellcasting
 - Level 10.2 Transmutations


You had 11 spell levels left.
You knew the following spells:

 Your Spells              Type           Power        Failure   Level  Hunger
a - Beastly Appendage     Tmut           #####.       1%          1    None
b - Sticks to Snakes      Tmut           #####...     2%          2    None
c - Spider Form           Tmut/Pois      ####......   13%         3    ##.....
d - Blink                 Tloc           N/A          36%         2    None
e - Mephitic Cloud        Conj/Pois/Air  #.......     54%         3    ##.....


Dungeon Overview and Level Annotations

Branches:
Dungeon (9/15)             Temple (0/1) D:6             Orc (0/2) D:9
   Lair: D:8-11

Altars:
Dithmenos
Elyvilon
Fedhas
Hepliaklqana
Kikubaaqudgha
Nemelex Xobeh
Qazlal
Ru
Trog
Uskayaw
Vehumet

Shops:
D:5 =

Annotations:
D:8 Smoofers's ghost, novice GrBe


Innate Abilities, Weirdness & Mutations

You cannot wear most types of armour.
You are very stealthy in the water. (Stealth+)
((You are amphibious.))
You can wear up to eight rings at the same time.
((You can use your tentacles to constrict eight enemies at once.))
((Your skin changes colour to match your surroundings (Stealth+).))
((Your rubbery body absorbs attacks. (AC +1, EV +1)))


Message History

* * * LOW HITPOINT WARNING * * *
The three-headed hydra misses you. x2
There is an open gate here.
Your transformation is almost over.
You see here a stone.
Things that are here:
a short sword; a hand axe of flaming Your transformation has ended.
The three-headed hydra looks more healthy.
The three-headed hydra bites you. The three-headed hydra bites you!
* * * LOW HITPOINT WARNING * * *
The three-headed hydra bites you.
* * * LOW HITPOINT WARNING * * *
Okay, then.
Okay, then.
Casting: Spider Form
Confirm with . or Enter, or press ? or * to list all spells.
You turn into a venomous arachnid creature.
The three-headed hydra bites you!
You die...

...#.....# #.(#
.........# #.##
...#.....# #.#
##.##...## ##.#
......#.# #..#
#.##..#.# #######.##
.....#..# #.......#
....###.# #.####.##
.....#.####.####s#
#########
#.###.###.....##D#
#.......# ..# ###
#.#.#.##.####.###.#.#
### #.#.#.........#
#.#.# .#
#.#.....>####.###|#.##
.# ##.########
#.....#..# .# #...#
########.# .#
#...######### #.# .#
##...#.......#### #.#


You could see a three-headed hydra.

Vanquished Creatures
  Erolcha (D:9)
  The ghost of tehanu the Carver, a novice MiBe of Trog (D:7)
  Psyche (D:8)
  2 trolls (D:9)
  2 dream sheep (D:9)
  7 yaks
  A hungry ghost (D:6)
  4 ice beasts
  2 sky beasts
  2 phantoms (D:9)
  2 eyes of draining (D:8)
  6 ogres
  A centaur (D:6)
  6 bullfrogs
  4 big kobolds
  A wyvern zombie (D:8)
  A gnoll sergeant (D:7)
  4 scorpions
  3 killer bees (D:9)
  4 wights (D:6)
  A centaur zombie (D:5)
  2 crimson imps
  2 jellies
  A quasit (D:6)
  A bullfrog zombie (D:5)
  2 orc priests
  3 hounds
  A centaur skeleton (D:7)
  3 bullfrog skeletons
  4 orc wizards
  4 worker ants
  A hound skeleton (D:6)
  A worker ant zombie (D:7)
  8 gnolls
  10 adders
  2 shadow imps
  2 oozes
  An adder skeleton (D:6)
  A worm (D:4)
  A dart slug (D:1)
  7 leopard geckos
  17 orcs
  7 bats
  7 giant cockroaches
  10 goblins
  10 hobgoblins
  4 jackals (D:2)
  A quokka (D:2)
  A ball python (D:3)
  8 frilled lizards
  12 kobolds
  3 quokka skeletons
  10 rats
203 creatures vanquished.

Vanquished Creatures (collateral kills)
  A two-headed ogre (D:8)
  A wyvern (D:6)
  An orc warrior (D:8)
  A killer bee (D:9)
  2 gnolls (D:7)
  An orc (D:8)
7 creatures vanquished.

Grand Total: 210 creatures vanquished

Notes
Turn   | Place    | Note
-------+----------+-------------------------------------------
     0 | D:1      | Ivernyr the Octopode Transmuter began the quest for the Orb.
     0 | D:1      | Reached XP level 1. HP: 13/13 MP: 3/3
   165 | D:1      | Reached XP level 2. HP: 18/18 MP: 5/5
   169 | D:1      | Learned a level 2 spell: Sticks to Snakes
   898 | D:1      | Reached XP level 3. HP: 7/23 MP: 6/6
  1128 | D:1      | Learned a level 3 spell: Spider Form
  1330 | D:2      | Reached skill level 3 in Transmutations
  1342 | D:2      | Found a shadowy altar of Dithmenos.
  1730 | D:2      | Reached XP level 4. HP: 28/28 MP: 4/7
  2175 | D:2      | Found a sacrificial altar of Ru.
  2558 | D:3      | Reached XP level 5. HP: 33/33 MP: 8/8
  3362 | D:4      | Noticed an ogre
  3371 | D:4      | Found a white marble altar of Elyvilon.
  3388 | D:4      | Killed an ogre
  3388 | D:4      | Reached skill level 4 in Transmutations
  3643 | D:4      | Reached XP level 6. HP: 37/38 MP: 6/9
  4081 | D:5      | Entered Level 5 of the Dungeon
  4110 | D:5      | Noticed a sky beast
  4129 | D:5      | Killed a sky beast
  4129 | D:5      | Reached skill level 5 in Transmutations
  4434 | D:5      | Reached XP level 7. HP: 32/43 MP: 7/10
  4680 | D:5      | Found Ruchi's Jewellery Shop.
  4689 | D:5      | Bought an uncursed ring of see invisible for 165 gold pieces
  5240 | D:6      | Found a stormy altar of Qazlal.
  5297 | D:6      | Reached skill level 5 in Unarmed Combat
  5297 | D:6      | Reached skill level 6 in Transmutations
  5488 | D:6      | Found a staircase to the Ecumenical Temple.
  5578 | D:6      | Reached XP level 8. HP: 45/48 MP: 8/11
  5837 | D:6      | Reached skill level 5 in Dodging
  5837 | D:6      | Reached skill level 7 in Transmutations
  6633 | D:6      | Noticed a wyvern
  6863 | D:6      | Killed a wyvern
  7073 | D:7      | Reached skill level 8 in Transmutations
  7141 | D:7      | Reached XP level 9. HP: 51/53 MP: 12/12
  7176 | D:7      | Found a sparkling altar of Nemelex Xobeh.
  7187 | D:7      | Noticed tehanu's ghost (novice MiBe)
  8044 | D:8      | Reached skill level 9 in Transmutations
  8204 | D:8      | Noticed Smoofers's ghost (novice GrBe)
  8569 | D:7      | Killed tehanu's ghost
  9095 | D:8      | Noticed Psyche
  9116 | D:8      | Killed Psyche
  9116 | D:8      | Reached skill level 10 in Transmutations
  9116 | D:8      | Reached XP level 10. HP: 53/58 MP: 4/13
  9214 | D:8      | Found a bloodstained altar of Trog.
  9417 | D:8      | Found a radiant altar of Vehumet.
  9950 | D:9      | Learned a level 2 spell: Blink
  9954 | D:9      | Learned a level 3 spell: Mephitic Cloud
 10056 | D:9      | Noticed Erolcha
 10809 | D:8      | Noticed a two-headed ogre
 11024 | D:8      | Killed a two-headed ogre
 11394 | D:9      | Reached skill level 5 in Spellcasting
 11592 | D:9      | Killed Erolcha
 11854 | D:9      | Reached XP level 11. HP: 54/63 MP: 15/19
 12018 | D:9      | Noticed a three-headed hydra
 12145 | D:9      | Found a staircase to the Orcish Mines.
 12171 | D:9      | Found a hazy altar of Hepliaklqana.
 12171 | D:9      | Found a faded altar of an unknown god.
 12177 | D:9      | Found a hide-covered altar of Uskayaw.
 12179 | D:9      | Found a blossoming altar of Fedhas.
 12180 | D:9      | Found an ancient bone altar of Kikubaaqudgha.
 12316 | D:9      | Mangled by a three-headed hydra

Skill      XL: |  1  2  3  4  5  6  7  8  9 10 11 |
---------------+----------------------------------+-----
Transmutations | 3 4 5 6 8 10 | 10.2
Dodging        | 3 4 5 7 8 |  8.7
Unarmed Combat | 4 5 6 7 8 9 |  9.0
Spellcasting   | 5 6 |  6.2
Fighting       | |  1.0

Action                   |  1- 3 |  4- 6 |  7- 9 | 10-12 || total
-------------------------+-------+-------+-------+-------++-------
Melee: Unarmed           |    89 |   157 |   339 |   217 ||   802
       Constrict         |    22 |    27 |    18 |     1 ||    68
       Punch             |     3 |     2 |     3 |     1 ||     9
       Tentacles         |    13 |    21 |    16 |       ||    50
       Kick              |       |     6 |     9 |       ||    15
 Cast: Spider Form       |     1 |     7 |    34 |    22 ||    64
       Beastly Appendage |       |     4 |     7 |       ||    11
       Sticks to Snakes  |       |     5 |    16 |    15 ||    36
 Stab: Sleeping          |     5 |     7 |     6 |     1 ||    19
       Distracted        |       |       |     1 |       ||     1
  Eat: Chunk             |     2 |    10 |    16 |    10 ||    38
       Royal jelly       |       |       |     2 |       ||     2
       Fruit             |       |       |     1 |     1 ||     2
       Meat ration       |       |       |     1 |       ||     1
Armor: Skin              |    14 |    21 |    46 |    11 ||    92
Dodge: Dodged            |    51 |   120 |   297 |   174 ||   642
